 Dungeon Crawl Stone Soup version 0.28.0-43-g3370ac3207 (console) character file.

Game seed: 14629013778595073191

3639 Zeor the Grappler (level 9, -2/120 (122) HPs)
             Began as a Yellow Draconian Transmuter on Mar 26, 2022.
             Was a Follower of Wu Jian.
             Slain by an orc
             ... wielding a +0 flail
              (7 damage)
             ... on level 7 of the Dungeon.
             The game lasted 00:24:52 (7385 turns).

Zeor the Grappler (Yellow Draconian Transmuter)     Turns: 7385, Time: 00:24:53

HP:   -2/120 (122)  AC:  7    Str: 14    XL:     9   Next: 87%
MP:   17/20         EV: 11    Int: 17    God:    Wu Jian [*.....]
Gold: 282           SH:  0    Dex: 11    Spells: 12/23 levels left

rFire   x . .      SeeInvis .     - Unarmed
rCold   + + +      Faith    .   (shield currently unavailable)
rNeg    . . .      Spirit   .   (armour unavailable)
rPois   +          Reflect  .   (helmet currently unavailable)
rElec   .          Harm     .   (cloak currently unavailable)
rCorr   .          Rampage  .   (gloves currently unavailable)
Will    .....                   (boots currently unavailable)
Stlth   ..........              k - amulet of the acrobat
HPRegen 0.30/turn               c - ring of wizardry
MPRegen 0.17/turn               (no ring)

@: berserking (expiring), ice-form, wereblooded, lightly drained, very quick
A: freezing attack, amphibious, boosted hp, (spit acid), AC +7, large, unfitting
armour, (cold-blooded), (acid resistance)
a: End Transformation, Renounce Religion


You were on level 7 of the Dungeon.
You worshipped Wu Jian.
Wu Jian was aware of your devotion.
You were a creature of crystalline ice.
You visited 2 branches of the dungeon, and saw 7 of its levels.
You also visited: Sewer.

You collected 282 gold pieces.

Inventory:

Hand Weapons
 i - a +2 great sword of holy wrath
Missiles
 a - 73 bolts
 e - 5 curare-tipped darts
 p - 3 boomerangs
Armour
 d - a +1 cloak (melded)
 f - a +0 pair of boots (melded)
 n - a +0 pair of gloves (melded)
Jewellery
 c - a ring of wizardry (left front paw)
 k - an amulet of the acrobat (around neck)
Wands
 o - a wand of iceblast (12)
 s - a wand of flame (15)
Scrolls
 l - 3 scrolls of teleportation
 q - 2 scrolls of enchant armour
Potions
 b - 2 potions of flight
 g - a potion of berserk rage
 h - a potion of curing
 j - 2 potions of degeneration {unknown}
 m - 2 potions of heal wounds {unknown}
 r - a potion of resistance {unknown}


   Skills:
 + Level 2.7 Fighting
 + Level 4.5 Dodging
 + Level 2.2 Stealth
 + Level 8.6 Unarmed Combat
 * Level 7.5 Spellcasting
 + Level 5.9 Transmutations
 + Level 1.0 Ice Magic
 + Level 1.8 Poison Magic


You had 12 spell levels left.
You knew the following spells:

 Your Spells              Type           Power      Damage    Failure   Level
a - Beastly Appendage     Tmut           52%        N/A       1%          1
b - Wereblood             Tmut           26%        N/A       1%          2
c - Spider Form           Tmut/Pois      19%        N/A       2%          3
d - Ice Form              Ice/Tmut       18%        N/A       11%         4
e - Apportation           Tloc           12%        N/A       4%          1

Your spell library contained the following spells:

 Spells                   Type           Power      Damage    Failure   Level
 Alistair's Intoxication  Tmut/Pois      12%        N/A       24%         5


Dungeon Overview and Level Annotations

Branches:
Dungeon (7/15)             Temple (1/1) D:5           Sewer (visited)

Altars:
Cheibriados
Dithmenos
Elyvilon
Fedhas
Gozag
Nemelex Xobeh
Okawaru
Qazlal
Ru
Sif Muna
Uskayaw
Vehumet
Wu Jian
Xom
Yredelemnul


Innate Abilities, Weirdness & Mutations

You are a creature of crystalline ice.
You have a powerful freezing melee attack.
You are amphibious.
Your maximum health is increased.
Your armour is entirely melded.
You are incapable of wielding weapons or throwing items.
((You can spit globs of acid.))
((Your golden yellow scales are hard. (AC +7)))
You cannot fit into any form of body armour.
((You are cold-blooded and may be slowed by cold attacks.))
((You are resistant to acid. (rCorr)))


Message History

You barely miss something. The hound closely misses you.
The orc hits you with a +0 club.
* * * LOW HITPOINT WARNING * * *
Something hits you but does no damage.
You completely miss the hound.
The hound is almost dead.
You howl as the wereblood boils in your veins!
The hound bites you.
* * * LOW HITPOINT WARNING * * *
The shadow imp hits you but does no damage.
You punch the hound! You freeze the hound.
You feel a bit better.
You kill the hound!
The Council accepts your kill. Something hits you.
* * * LOW HITPOINT WARNING * * *
The orc barely misses you.
You pummel something!! You freeze something.
You feel a bit better. The Council accepts your kill.
Reactivating autopickup.
You feel a bit more experienced. The shadow imp closely misses you.
The orc hits you but does no damage.
You pummel the shadow imp!!
You feel a bit better.
You kill the shadow imp!
The Council accepts your kill. The orc hits you with a +0 flail.
* * * LOW HITPOINT WARNING * * *
The centaur hits you but does no damage.
The centaur kicks you.
* * * LOW HITPOINT WARNING * * *
You completely miss the orc. The orc hits you but does no damage. x2
The centaur completely misses you. The centaur closely misses you.
You punch the centaur! You freeze the centaur.
The centaur is severely wounded.
You punch the centaur! You freeze the centaur.
You feel a bit better.
You kill the centaur!
The Council accepts your kill. The white imp closely misses you.
The orc hits you with a +0 club.
* * * LOW HITPOINT WARNING * * *
The orc hits you with a +0 flail!
You die... ▒∙∙∙∙∙∙∙∙ ∙∙ ▒▒▒▒∙∙∙∙z∙∙∙ ∙∙∙ ▒∙∙∙∙∙∙z∙∙∙∙ ∙∙∙∙

▒∙∙∙zz∙∙∙∙∙∙
∙∙∙∙▒▒▒▒▒
▒∙∙=<∙▒
∙∙∙∙∙∙∙∙▒
▒∙∙∙∙∙▒
∙∙∙∙∙∙∙∙▒
▒K∙K∙∙∙∙
∙∙∙∙∙∙)o▒
▒∙∙∙▒∙▒▒∙▒
▒∙∙∙5Y▒ ▒■▒▒
▒∙ ▒
▒∙∙∙∙∙o)▒ ∙▒
∙∙∙[∙∙▒▒▒ ∙∙


∙∙∙∙∙∙ ▒∙∙ ∙∙$∙∙ ∙∙∙∙∙ ∙∙∙∙ ∙∙∙∙ ▒▒■▒▒▒▒'∙ You could see a white imp and 2 orcs.

Vanquished Creatures
  5 yaks (D:6)
  An acid dragon (D:6)
  A water moccasin (D:6)
  2 sky beasts (D:5)
  Pargi (Sewer)
  A hornet zombie (D:6)
  4 ice beasts
  A necrophage (D:6)
  3 ogres
  A centaur (D:7)
  A phantom (D:5)
  3 bullfrogs
  A scorpion (D:6)
  4 water moccasin zombies
  5 wights
  A howler monkey (D:5)
  2 bullfrog zombies (D:6)
  4 centaur zombies
  5 hounds
  A jelly (D:5)
  A human zombie (D:6)
  4 orc priests
  An iguana (D:4)
  An orc wizard (D:7)
  A killer bee zombie (D:6)
  3 mummies (D:6)
  5 gnolls
  4 adders
  A shadow imp (D:7)
  2 white imps (D:6)
  2 ufetubi
  2 worms
  3 dart slugs
  15 orcs
  4 ball pythons
  4 endoplasms
  9 giant cockroaches
  5 goblins
  5 hobgoblins
  2 kobolds
  8 quokkas
  8 bats
  5 frilled lizards
  3 rats (D:1)
145 creatures vanquished.

Notes
Turn   | Place    | Note
-------+----------+-------------------------------------------
     0 | D:1      | Zeor the Draconian Transmuter began the quest for the Orb.
     0 | D:1      | Reached XP level 1. HP: 16/16 MP: 3/3
   643 | D:1      | Reached XP level 2. HP: 23/23 MP: 3/5
   762 | D:1      | Learned a level 2 spell: Wereblood
   875 | D:1      | Reached XP level 3. HP: 23/28 MP: 1/6
   889 | D:1      | Learned a level 3 spell: Spider Form
  1585 | D:2      | You fall into a shaft and drop 2 floors!
  1642 | D:4      | Reached XP level 4. HP: 18/35 MP: 2/8
  1690 | D:4      | Found a glowing drain.
  1722 | Sewer    | Entered a sewer
  1825 | Sewer    | Noticed Pargi
  1847 | Sewer    | Killed Pargi
  1848 | Sewer    | Reached XP level 5. HP: 22/40 MP: 6/10
  2125 | D:4      | Reached skill level 4 in Unarmed Combat
  2280 | D:4      | Noticed an ogre
  2326 | D:4      | Killed an ogre
  2327 | D:4      | Reached XP level 6. HP: 4/47 MP: 10/12
  3617 | D:5      | Entered Level 5 of the Dungeon
  3625 | D:5      | Noticed an ice beast
  3642 | D:5      | Killed an ice beast
  3643 | D:5      | Your scales start taking on a golden yellow colour.
  3643 | D:5      | Reached XP level 7. HP: 52/52 MP: 7/13
  3643 | D:5      | Gained mutation: You are resistant to acid. (rCorr) [Yellow
                  | Draconian growth]
  3749 | D:5      | Reached skill level 5 in Unarmed Combat
  3839 | D:5      | Reached skill level 1 in Stealth
  3839 | D:5      | Reached skill level 5 in Spellcasting
  3931 | D:5      | Reached skill level 1 in Poison Magic
  4022 | D:5      | Learned a level 4 spell: Ice Form
  4054 | D:5      | Reached XP level 8. HP: 43/61 MP: 10/16
  4202 | D:5      | Found a staircase to the Ecumenical Temple.
  4211 | Temple   | Entered the Ecumenical Temple
  4590 | Temple   | Became a worshipper of the Wu Jian Council
  4874 | D:5      | Found a shadowy altar of Dithmenos.
  5291 | D:6      | Reached skill level 5 in Transmutations
  5310 | D:6      | Reached skill level 6 in Unarmed Combat
  5588 | D:6      | Found a basalt altar of Yredelemnul.
  5656 | D:6      | Reached XP level 9. HP: 37/68 MP: 9/19
  5661 | D:6      | Reached skill level 7 in Unarmed Combat
  5898 | D:6      | Reached * piety under Wu Jian
  6227 | D:6      | Found a stormy altar of Qazlal.
  6241 | D:6      | Reached skill level 8 in Unarmed Combat
  6607 | D:6      | Reached skill level 1 in Ice Magic
  6609 | D:6      | Learned a level 1 spell: Apportation
  7382 | D:7      | HP: 6/120 [orc/+0 flail (5)]
  7385 | D:7      | Slain by an orc

Illustrated notes

Levels and vault maps discovered:
D:1:      dpeg_arrival_arbitrary_c, layout_rooms, minmay_indecisive_spiral
D:2:      layout_basic, serial_shops, nicolae_shop_waterfront,
          shapermc_ecumenical_altar_starsandcircs, due_unseen_surprise
D:4:      layout_gridville, portal_sewer_entry_f
D:5:      minmay_evil_eye, layout_basic, grunt_dithmenos_smoke,
          minmay_temple_entry_statues_fountains
D:6:      layout_rooms, lemuel_mausoleum_altar_yredelemnul,
          mainiacjoe_overflow_catwalk
D:7:      layout_basic, mainiacjoe_overflow_divided_tiny
Temple:   minmay_temple_forest_path

Skill      XL: |  1  2  3  4  5  6  7  8  9 |
---------------+----------------------------+-----
Dodging        | 2 3 4 |  4.5
Spellcasting   | 3 4 5 6 7 |  7.5
Transmutations | 3 4 5 |  5.9
Unarmed Combat | 4 5 6 8 |  8.6
Stealth        | 1 2 |  2.2
Fighting       | 2 |  2.7
Poison Magic   | 1 |  1.8
Ice Magic      | 1 |  1.0

Action                   |  1- 3 |  4- 6 |  7- 9 || total
-------------------------+-------+-------+-------++-------
Melee: Unarmed           |   128 |   116 |   270 ||   514
       Headbutt          |    14 |    15 |    24 ||    53
       Kick              |    17 |    33 |    33 ||    83
       Tailslap          |    11 |    19 |    23 ||    53
       Punch             |     8 |     7 |    11 ||    26
 Cast: Beastly Appendage |    21 |    15 |    16 ||    52
       Wereblood         |     5 |     3 |     9 ||    17
       Spider Form       |       |     6 |    15 ||    21
       Ice Form          |       |       |     3 ||     3
Invok: Lunge             |       |       |    11 ||    11
       Whirlwind         |       |       |     4 ||     4
 Abil: Breathe Acid      |       |       |     6 ||     6
  Use: Scroll            |     2 |     4 |     1 ||     7
       Potion            |       |       |     2 ||     2
 Stab: Sleeping          |     1 |       |     1 ||     2
Armor: Skin              |    35 |    28 |    72 ||   135
Dodge: Dodged            |   109 |    81 |   190 ||   380
